[ PARTIDA AOE2 · #506180092 ]
UnrankedTeutones vs Celts
Equipo del jugador · VICT
Equipo rival · DERR
[ ANÁLISIS DE REPETICIÓN · EXTRAÍDO DE LA PARTIDA GRABADA ]
Feudal
8:53
Castillos
27:00
Imperial
39:27
| APM promedio | 61.6 |
| APM pico | 109 |
| eAPM promedio | 30.7 |
| Aldeanos / militares | 157 / 63 |
Foco
⚔️ 41.4% · 🌾 58.6%
Teutonic Knight ×30 · Knight ×10 · Scout Cavalry ×10 · Trebuchet (Packed) ×5 · Mangonel ×4 · Monk ×2
Feudal
11:13
Castillos
18:48
Imperial
40:41
| APM promedio | 33.1 |
| APM pico | 56 |
| eAPM promedio | 23.4 |
| Aldeanos / militares | 198 / 169 |
Foco
⚔️ 34.4% · 🌾 65.6%
Woad Raider ×109 · Spearman ×32 · Battering Ram ×27 · Militia ×1 · Unknown (1105) ×1
Mapa de la partida
Recursos iniciales + cada clic de construcción. Líneas = muros · curvas = relieve. ◆ oro · ⬟ piedra · ● bayas · ✦ reliquia · ◌ hueco del cierre
Tu base· ✓ Cerrada en 27:00 · 50t muro · 2 puerta(s)
Base de Kaze· ✓ Cerrada en 18:48 · 18t muro · 3 puerta(s)
Terreno inicial suavizado · ◌ = hueco del cierre detectado · pasá el cursor para detalles
Inputs por minuto
— No soy Masche - - Kaze
Build order — No soy Masche
Primeras 150 de 394 acciones detectadas
| 0:00 | Encolar | Villager (Male) |
| 0:01 | Encolar | Villager (Male) |
| 0:01 | Encolar | Villager (Male) |
| 0:02 | Construir | House |
| 0:04 | Construir | House |
| 0:07 | Encolar | Villager (Male) |
| 1:34 | Encolar | Villager (Male) |
| 1:35 | Encolar | Villager (Male) |
| 1:55 | Construir | Lumber Camp |
| 2:33 | Encolar | Villager (Male) |
| 2:33 | Encolar | Villager (Male) |
| 2:45 | Encolar | Villager (Male) |
| 2:45 | Encolar | Villager (Male) |
| 3:18 | Encolar | Villager (Male) |
| 3:31 | Encolar | Villager (Male) |
| 3:45 | Construir | House |
| 3:52 | Encolar | Villager (Male) |
| 4:08 | Encolar | Villager (Male) |
| 4:25 | Encolar | Villager (Male) |
| 4:41 | Construir | Mining Camp |
| 4:50 | Encolar | Villager (Male) |
| 4:50 | Encolar | Villager (Male) |
| 5:19 | Encolar | Villager (Male) |
| 5:21 | Investigar | Loom |
| 5:22 | Investigar | Loom |
| 6:20 | Investigar | Feudal Age |
| 7:18 | Encolar | Villager (Male) |
| 7:55 | Encolar | Villager (Male) |
| 8:00 | Construir | House |
| 8:53 | Edad | Edad Feudal |
| 8:56 | Construir | Watch Tower |
| 9:24 | Encolar | Villager (Male) |
| 9:26 | Construir | Mill |
| 9:37 | Investigar | Double-Bit Axe |
| 9:39 | Encolar | Villager (Male) |
| 9:50 | Construir | House |
| 9:52 | Construir | Blacksmith |
| 10:09 | Encolar | Villager (Male) |
| 10:12 | Encolar | Villager (Male) |
| 10:12 | Encolar | Villager (Male) |
| 10:26 | Construir | Watch Tower |
| 10:34 | Investigar | Town Watch |
| 10:45 | Encolar | Villager (Male) |
| 11:02 | Construir | Watch Tower |
| 11:14 | Construir | House |
| 11:22 | Encolar | Villager (Male) |
| 11:45 | Encolar | Villager (Male) |
| 11:49 | Construir | Palisade Wall |
| 11:50 | Construir | Palisade Wall |
| 11:51 | Construir | Palisade Wall |
| 12:00 | Encolar | Villager (Male) |
| 12:09 | Encolar | Villager (Male) |
| 12:21 | Encolar | Villager (Male) |
| 12:27 | Encolar | Villager (Male) |
| 12:34 | Investigar | Fletching |
| 12:35 | Encolar | Villager (Male) |
| 13:01 | Construir | Watch Tower |
| 13:06 | Construir | House |
| 13:09 | Encolar | Villager (Male) |
| 13:12 | Construir | Farm |
| 13:13 | Construir | Farm |
| 13:17 | Construir | Farm |
| 13:19 | Construir | Farm |
| 13:52 | Encolar | Villager (Male) |
| 13:55 | Construir | Farm |
| 13:58 | Construir | Farm |
| 13:59 | Encolar | Villager (Male) |
| 14:37 | Encolar | Villager (Male) |
| 14:39 | Construir | House |
| 14:56 | Encolar | Villager (Male) |
| 14:57 | Encolar | Villager (Male) |
| 15:12 | Encolar | Villager (Male) |
| 15:16 | Encolar | Villager (Male) |
| 15:26 | Construir | Watch Tower |
| 15:35 | Encolar | Villager (Male) |
| 15:39 | Construir | Barracks |
| 15:56 | Encolar | Villager (Male) |
| 16:01 | Encolar | Villager (Male) |
| 16:19 | Encolar | Villager (Male) |
| 16:20 | Encolar | Villager (Male) |
| 16:41 | Construir | Stable |
| 16:48 | Encolar | Villager (Male) |
| 17:09 | Encolar | Villager (Male) |
| 17:11 | Construir | Farm |
| 17:14 | Construir | Farm |
| 17:19 | Encolar | Scout Cavalry |
| 17:28 | Construir | Mining Camp |
| 17:30 | Encolar | Villager (Male) |
| 17:36 | Encolar | Scout Cavalry |
| 17:41 | Investigar | Scale Barding Armor |
| 17:42 | Encolar | Villager (Male) |
| 17:48 | Encolar | Villager (Male) |
| 17:53 | Construir | Farm |
| 18:07 | Construir | Farm |
| 18:14 | Construir | Farm |
| 18:16 | Encolar | Villager (Male) |
| 18:19 | Construir | House |
| 18:20 | Construir | House |
| 18:27 | Encolar | Scout Cavalry |
| 18:38 | Encolar | Villager (Male) |
| 18:41 | Construir | Farm |
| 18:42 | Construir | Farm |
| 18:49 | Encolar | Scout Cavalry |
| 19:06 | Encolar | Villager (Male) |
| 19:17 | Encolar | Villager (Male) |
| 19:24 | Encolar | Villager (Male) |
| 19:26 | Construir | Farm |
| 19:26 | Construir | Farm |
| 19:27 | Construir | Farm |
| 19:27 | Construir | Farm |
| 19:27 | Construir | Farm |
| 19:27 | Construir | Farm |
| 19:42 | Encolar | Villager (Male) |
| 19:45 | Construir | Farm |
| 19:45 | Construir | Farm |
| 19:45 | Construir | Farm |
| 19:56 | Encolar | Scout Cavalry |
| 19:58 | Encolar | Villager (Male) |
| 20:10 | Construir | Farm |
| 20:31 | Investigar | Forging |
| 20:35 | Encolar | Villager (Male) |
| 20:41 | Encolar | Villager (Male) |
| 20:43 | Construir | Market |
| 21:02 | Encolar | Scout Cavalry |
| 21:03 | Encolar | Villager (Male) |
| 21:05 | Construir | House |
| 21:07 | Construir | House |
| 21:19 | Encolar | Scout Cavalry |
| 21:52 | Encolar | Scout Cavalry |
| 22:04 | Encolar | Villager (Male) |
| 22:08 | Encolar | Scout Cavalry |
| 22:13 | Construir | Watch Tower |
| 22:19 | Encolar | Villager (Male) |
| 22:22 | Construir | Mill |
| 22:30 | Encolar | Villager (Male) |
| 22:34 | Encolar | Spearman |
| 22:34 | Encolar | Spearman |
| 22:40 | Encolar | Villager (Male) |
| 23:06 | Encolar | Scout Cavalry |
| 23:41 | Encolar | Villager (Male) |
| 23:58 | Encolar | Villager (Male) |
| 24:08 | Construir | Stone Wall |
| 24:20 | Investigar | Castle Age |
| 24:35 | Construir | Stone Wall |
| 24:37 | Construir | Stone Wall |
| 24:58 | Construir | Mining Camp |
| 25:02 | Construir | Stable |
| 25:11 | Construir | Stone Wall |
| 25:14 | Construir | Watch Tower |
| 25:27 | Construir | Watch Tower |
Build order — Kaze
Primeras 150 de 546 acciones detectadas
| 0:00 | Encolar | Villager (Male) |
| 0:01 | Encolar | Villager (Male) |
| 0:01 | Encolar | Villager (Male) |
| 0:02 | Construir | House |
| 0:03 | Construir | House |
| 0:07 | Encolar | Villager (Male) |
| 0:07 | Encolar | Villager (Male) |
| 1:23 | Encolar | Villager (Male) |
| 1:48 | Construir | Lumber Camp |
| 2:06 | Encolar | Villager (Male) |
| 2:23 | Encolar | Villager (Male) |
| 2:23 | Encolar | Villager (Male) |
| 2:57 | Encolar | Villager (Male) |
| 2:58 | Encolar | Villager (Male) |
| 3:11 | Encolar | Villager (Male) |
| 3:11 | Encolar | Villager (Male) |
| 3:27 | Construir | House |
| 3:28 | Construir | House |
| 3:28 | Construir | House |
| 3:42 | Encolar | Villager (Male) |
| 3:43 | Encolar | Villager (Male) |
| 4:01 | Encolar | Villager (Male) |
| 4:01 | Encolar | Villager (Male) |
| 4:22 | Construir | Mill |
| 4:47 | Encolar | Villager (Male) |
| 4:47 | Encolar | Villager (Male) |
| 5:14 | Encolar | Villager (Male) |
| 5:14 | Encolar | Villager (Male) |
| 5:17 | Encolar | Villager (Male) |
| 5:17 | Encolar | Villager (Male) |
| 5:18 | Encolar | Villager (Male) |
| 5:36 | Encolar | Villager (Male) |
| 5:36 | Encolar | Villager (Male) |
| 5:55 | Encolar | Villager (Male) |
| 5:55 | Encolar | Villager (Male) |
| 6:03 | Encolar | Villager (Male) |
| 6:03 | Encolar | Villager (Male) |
| 6:41 | Encolar | Villager (Male) |
| 6:41 | Encolar | Villager (Male) |
| 6:43 | Encolar | Villager (Male) |
| 7:22 | Construir | Mining Camp |
| 7:33 | Encolar | Villager (Male) |
| 8:02 | Encolar | Villager (Male) |
| 8:02 | Encolar | Villager (Male) |
| 8:11 | Encolar | Villager (Male) |
| 9:03 | Investigar | Feudal Age |
| 9:44 | Encolar | Villager (Male) |
| 10:30 | Encolar | Villager (Male) |
| 10:33 | Construir | Mining Camp |
| 11:08 | Investigar | Loom |
| 11:13 | Edad | Edad Feudal |
| 11:19 | Construir | Stone Wall |
| 11:23 | Construir | Stone Wall |
| 11:25 | Construir | Stone Wall |
| 11:28 | Encolar | Villager (Male) |
| 11:34 | Encolar | Villager (Male) |
| 11:43 | Construir | Gate |
| 11:51 | Construir | Stone Wall |
| 11:57 | Construir | Watch Tower |
| 12:02 | Encolar | Villager (Male) |
| 12:07 | Construir | Market |
| 12:15 | Construir | Farm |
| 12:16 | Construir | Farm |
| 12:16 | Construir | Farm |
| 12:17 | Encolar | Villager (Male) |
| 12:17 | Encolar | Villager (Male) |
| 12:20 | Construir | Farm |
| 12:21 | Construir | Farm |
| 12:22 | Construir | Farm |
| 12:40 | Construir | Blacksmith |
| 12:42 | Construir | Farm |
| 12:43 | Construir | Farm |
| 12:44 | Construir | Farm |
| 12:45 | Construir | Farm |
| 12:47 | Encolar | Villager (Male) |
| 13:00 | Investigar | Wheelbarrow |
| 13:02 | Encolar | Villager (Male) |
| 13:05 | Construir | Farm |
| 13:15 | Construir | Farm |
| 13:35 | Construir | House |
| 13:36 | Construir | House |
| 13:50 | Encolar | Villager (Male) |
| 14:09 | Encolar | Villager (Male) |
| 14:33 | Construir | Farm |
| 14:36 | Construir | Farm |
| 14:39 | Encolar | Villager (Male) |
| 15:11 | Encolar | Villager (Male) |
| 15:23 | Construir | Stone Wall |
| 15:35 | Construir | Stone Wall |
| 15:36 | Construir | Stone Wall |
| 16:00 | Construir | Lumber Camp |
| 16:08 | Investigar | Castle Age |
| 16:23 | Construir | Mill |
| 16:38 | Investigar | Double-Bit Axe |
| 17:20 | Investigar | Horse Collar |
| 17:43 | Investigar | Gold Mining |
| 18:41 | Encolar | Villager (Male) |
| 18:41 | Encolar | Villager (Male) |
| 18:41 | Encolar | Villager (Male) |
| 18:48 | Edad | Edad de los Castillos |
| 18:51 | Construir | Castle |
| 18:57 | Encolar | Villager (Male) |
| 19:02 | Construir | Siege Workshop |
| 19:20 | Construir | Palisade Gate |
| 19:22 | Construir | Palisade Wall |
| 19:37 | Encolar | Woad Raider |
| 19:37 | Encolar | Woad Raider |
| 19:37 | Encolar | Woad Raider |
| 20:13 | Encolar | Villager (Male) |
| 20:33 | Encolar | Battering Ram |
| 20:33 | Encolar | Battering Ram |
| 20:42 | Encolar | Battering Ram |
| 20:44 | Encolar | Woad Raider |
| 20:44 | Encolar | Woad Raider |
| 20:44 | Encolar | Woad Raider |
| 20:44 | Encolar | Woad Raider |
| 21:09 | Encolar | Battering Ram |
| 21:09 | Encolar | Battering Ram |
| 21:14 | Encolar | Woad Raider |
| 21:15 | Encolar | Woad Raider |
| 21:15 | Encolar | Woad Raider |
| 21:52 | Encolar | Woad Raider |
| 21:53 | Encolar | Woad Raider |
| 21:53 | Encolar | Woad Raider |
| 22:10 | Encolar | Woad Raider |
| 22:10 | Encolar | Woad Raider |
| 22:10 | Encolar | Woad Raider |
| 22:10 | Encolar | Woad Raider |
| 22:15 | Encolar | Battering Ram |
| 22:22 | Construir | Farm |
| 22:25 | Construir | Farm |
| 22:40 | Encolar | Woad Raider |
| 22:40 | Encolar | Woad Raider |
| 22:40 | Encolar | Woad Raider |
| 22:41 | Encolar | Woad Raider |
| 23:22 | Encolar | Woad Raider |
| 23:22 | Encolar | Woad Raider |
| 23:23 | Encolar | Woad Raider |
| 23:31 | Encolar | Villager (Male) |
| 23:32 | Encolar | Villager (Male) |
| 23:35 | Encolar | Woad Raider |
| 23:35 | Encolar | Woad Raider |
| 23:35 | Encolar | Woad Raider |
| 23:45 | Encolar | Woad Raider |
| 23:45 | Encolar | Woad Raider |
| 23:45 | Encolar | Woad Raider |
| 23:45 | Encolar | Woad Raider |
| 24:09 | Encolar | Villager (Male) |
| 24:09 | Encolar | Villager (Male) |
| 24:14 | Construir | Town Center |
Cronología de la partida
| 8:53 | No soy Masche · age_up feudal |
| 11:13 | Kaze · age_up feudal |
| 11:19 | Kaze · wall_segment Stone Wall x6 |
| 11:23 | Kaze · wall_segment Stone Wall x4 |
| 11:25 | Kaze · wall_segment Stone Wall x5 |
| 11:49 | No soy Masche · wall_segment Palisade Wall x1 |
| 11:50 | No soy Masche · wall_segment Palisade Wall x1 |
| 11:51 | No soy Masche · wall_segment Palisade Wall x1 |
| 11:51 | Kaze · wall_segment Stone Wall x2 |
| 14:59 | Kaze · first_market_buy 100 food |
| 15:23 | Kaze · wall_segment Stone Wall x1 |
| 15:35 | Kaze · wall_segment Stone Wall x1 |
| 15:36 | Kaze · wall_segment Stone Wall x1 |
| 15:39 | No soy Masche · first_building Barracks |
| 16:41 | No soy Masche · first_building Stable |
| 18:03 | Kaze · first_market_sell 100 wood |
| 18:48 | Kaze · age_up castle |
| 18:51 | Kaze · first_building Castle |
| 19:02 | Kaze · first_building Siege Workshop |
| 19:22 | Kaze · wall_segment Palisade Wall x2 |
| 24:08 | No soy Masche · wall_segment Stone Wall x1 |
| 24:16 | No soy Masche · first_market_sell 500 wood |
| 24:17 | No soy Masche · first_market_buy 100 food |
| 24:35 | No soy Masche · wall_segment Stone Wall x13 |
| 24:37 | No soy Masche · wall_segment Stone Wall x14 |
| 25:11 | No soy Masche · wall_segment Stone Wall x7 |
| 25:52 | Kaze · wall_segment Stone Wall x1 |
| 26:01 | No soy Masche · wall_segment Stone Wall x7 |
| 26:40 | No soy Masche · wall_segment Stone Wall x2 |
| 26:41 | No soy Masche · wall_segment Stone Wall x2 |
| 26:56 | No soy Masche · wall_segment Stone Wall x1 |
| 26:58 | No soy Masche · wall_segment Stone Wall x1 |
| 27:00 | No soy Masche · age_up castle |
| 27:16 | No soy Masche · wall_segment Stone Wall x4 |
| 28:08 | No soy Masche · wall_segment Stone Wall x7 |
| 28:16 | No soy Masche · wall_segment Stone Wall x1 |
| 28:24 | No soy Masche · wall_segment Stone Wall x1 |
| 29:24 | No soy Masche · wall_segment Stone Wall x8 |
| 30:14 | No soy Masche · wall_segment Stone Wall x1 |
| 30:45 | No soy Masche · first_building Monastery |
| 31:42 | Kaze · first_building Barracks |
| 32:11 | No soy Masche · first_building Siege Workshop |
| 35:14 | No soy Masche · first_building Castle |
| 39:27 | No soy Masche · age_up imperial |
| 40:41 | Kaze · age_up imperial |
| 43:21 | Kaze · resign |
[ ANÁLISIS IA · 1 CRÉDITO ]
¿Qué pasó realmente en esta partida?
Wolo.gg analiza cada decisión: build order, eco, micro, errores típicos por bracket. Análisis personalizado por WhatsApp o Discord en 30 segundos.
Guía civ
Teutones
Perfil
Jugador #2716438